 Dungeon Crawl Stone Soup version 0.30-a0-360-g447f08457e (webtiles) character file.

Game seed: 9198546368167552455

35 sleeves the Slasher (level 3, 25/29 HPs)
             Began as a Demonspawn Monk on Nov 13, 2022.
             Quit the game on level 1 of the Dungeon.
             The game lasted 00:00:33 (439 turns).

sleeves the Slasher (Demonspawn Monk)                Turns: 439, Time: 00:00:33

Health: 25/29      AC:  5    Str: 11    XL:     3   Next: 16%
Magic:  3/3        EV: 11    Int: 11    God:
Gold:   59         SH:  0    Dex: 17    Spells: 2/2 levels left

rFire   . . .      SeeInvis .    a - +0 falchion
rCold   . . .      Faith    .    (no shield)
rNeg    . . .      Spirit   .    e - +0 ring mail
rPois   .          Reflect  .    (no helmet)
rElec   .          Harm     .    (no cloak)
rCorr   .          Rampage  .    (no gloves)
Will    .....                    (no boots)
Stlth   +.........               (no amulet)
HPRegen 0.24/turn                (no ring)
MPRegen 0.08/turn                (no ring)

@: no status effects
A: foul stench 1, demonic touch 1
a: no special abilities


You were on level 1 of the Dungeon.
You visited 1 branch of the dungeon, and saw 1 of its levels.

You collected 59 gold pieces.

Inventory:

Hand Weapons
 a - a +0 falchion (weapon)
Armour
 e - a +0 ring mail (worn)
   (You found it on level 1 of the Dungeon)
Scrolls
 d - a scroll of poison {unknown}
 f - a scroll of torment {unknown}
 g - 2 scrolls of amnesia {unknown}
 h - 2 scrolls of identify {unknown}
 i - a scroll of noise {unknown}
 j - a scroll of teleportation {unknown}
Potions
 b - a potion of brilliance {unknown}
 c - a potion of ambrosia


   Skills:
 - Level 3.0 Fighting
 + Level 3.9 Long Blades
 - Level 2.6 Dodging
 - Level 1.7 Stealth


You had 2 spell levels left.
You didn't know any spells.
Your spell library contained the following spells:

 Spells                   Type           Power      Damage    Failure   Level
 Beastly Appendage        Tmut           0%         N/A       65%         1
 Shock                    Conj/Air       0%         1d3       65%         1
 Wereblood                Tmut           0%         N/A       78%         2
 Spider Form              Tmut/Pois      0%         N/A       95%         3
 Swiftness                Air            0%         N/A       95%         3
 Airstrike                Air            0%         2d(0-16)  100%        4


Dungeon Overview and Level Annotations

Branches:
Dungeon (1/15)

Altars:


Innate Abilities, Weirdness & Mutations

You may rarely emit foul miasma when damaged in melee.
Your touch may inflict minor irresistible damage on your foes.


Message History

Welcome, sleeves the Demonspawn Monk.
They say the Orb of Zot lies within this dungeon, but they say a lot of things.
Press ? for a list of commands and other information.
Found a staircase leading out of the dungeon.
You now have 12 gold pieces.
d - a scroll labelled YLA YNIAHUC An endoplasm comes into view.
An endoplasm is nearby!
A kobold comes into view. It is wielding a +0 short sword.
A ball python and a bat come into view.
Found a club.
The helpless endoplasm fails to defend itself.
You hit the endoplasm.
The endoplasm is almost dead.
The endoplasm hits you.
You hit the endoplasm.
You kill the endoplasm!
The ball python hisses angrily.
The kobold shouts!
The ball python bites you. The ball python barely misses you.
You hit the ball python.
The ball python is moderately wounded.
The ball python barely misses you. The ball python grabs you.
The ball python constricts you. The ball python misses you.
The ball python constricts you.
You hit the ball python.
The ball python is severely wounded.
The bat hits you. The ball python bites you. The ball python constricts you.
You hit the ball python.
You kill the ball python!
The bat closely misses you.
You hit the bat but do no damage. The bat closely misses you.
You hit the bat.
You kill the bat!
Your Long Blades skill increases to level 3!
The kobold barely misses you.
You barely miss the kobold. The kobold hits you but does no damage.
You hit the kobold.
The kobold is moderately wounded.
The kobold barely misses you.
You hit the kobold.
You kill the kobold!
You hear a splash.
No target in view!
No target in view!
No target in view!
No target in view!
No target in view!
No target in view!
No target in view!
No target in view!
No target in view!
HP restored.
You now have 19 gold pieces (gained 7).
You pick up a book of Changes and begin reading...
You add the spells Beastly Appendage, Wereblood and Spider Form to your library.
You enter the shallow water.
Moving in this stuff is going to be slow.
You enter the shallow water.
Moving in this stuff is going to be slow.
A dart slug comes into view.
A dart slug is nearby!
Found a leather armour.
You hit the dart slug.
The dart slug is moderately wounded.
The dart slug bites you.
You slash the dart slug!
You kill the dart slug!
You have reached level 2!
Your demonic ancestry asserts itself...
You begin to emit a foul stench of rot and decay.
Found a ring mail.
A kobold comes into view. It is wielding a +0 dagger.
Found 12 gold pieces.
The kobold shouts!
A giant cockroach comes into view.
The kobold closely misses you.
You hit the kobold but do no damage. The kobold misses you.
The kobold closely misses you.
You hit the kobold.
You kill the kobold!
Things that are here:
a +0 dagger; a kobold corpse You hit the giant cockroach.
The giant cockroach is moderately wounded.
The giant cockroach misses you.
You slash the giant cockroach!
You kill the giant cockroach!
No target in view!
No target in view!
No target in view!
No target in view!
No target in view!
Found a puce potion.
You see here a +0 ring mail.
e - a +0 ring mail You start removing your armour.
You continue taking off your +0 robe. x4
You finish taking off your +0 robe.
You start putting on your armour.
You continue putting on your +0 ring mail. x5
You finish putting on your +0 ring mail.
You drop a +0 robe.
b - a puce potion A hobgoblin comes into view.
A hobgoblin is nearby!
A hobgoblin is nearby!
Found a scroll labelled QUDDOTO LACOMP.
A bat comes into view.
The hobgoblin completely misses you.
You hit the hobgoblin.
You kill the hobgoblin!
You hit the bat.
You kill the bat!
No target in view!
No target in view!
No target in view!
No target in view!
No target in view!
No target in view!
No target in view!
You see here a hobgoblin corpse.
A hobgoblin comes into view.
A hobgoblin is nearby!
A hobgoblin is nearby!
The hobgoblin shouts!
You hit the hobgoblin.
The hobgoblin is heavily wounded.
The hobgoblin hits you but does no damage.
You closely miss the hobgoblin.
The hobgoblin is heavily wounded.
The hobgoblin misses you.
You closely miss the hobgoblin.
The hobgoblin is heavily wounded.
The hobgoblin barely misses you.
You hit the hobgoblin.
The hobgoblin is severely wounded.
A bat comes into view.
The hobgoblin hits you. x2
You slash the hobgoblin!
You kill the hobgoblin!
Found a stone staircase leading down.
The bat misses you.
Things that are here:
12 gold pieces; a hobgoblin corpse
Found a ring mail.
The bat closely misses you.
You hit the bat.
The bat is severely wounded.
The bat closely misses you. The bat hits you but does no damage.
A bat is nearby!
A bat is nearby!
A bat is nearby!
You slash the bat!
You kill the bat!
No target in view!
No target in view!
No target in view!
No target in view!
No target in view!
No target in view!
No target in view!
No target in view!
No target in view!
You now have 31 gold pieces (gained 12).
You see here a hobgoblin corpse.
f - a scroll labelled QUDDOTO LACOMP
Found a stone staircase leading down.
You now have 43 gold pieces (gained 12).
A rat comes into view.
Found 8 gold pieces.
A ball python comes into view.
Found 3 stones.
The ball python hisses angrily.
You see here 8 gold pieces.
You slash the rat!
You kill the rat!
A frilled lizard comes into view.
The frilled lizard hisses angrily.
You barely miss the ball python.
The ball python bites you but does no damage.
The ball python closely misses you.
You barely miss the ball python. The ball python closely misses you.
The ball python barely misses you.
The ball python bites you but does no damage.
The ball python barely misses you.
You slash the ball python!
You kill the ball python!
The frilled lizard bites you but does no damage.
You slash the frilled lizard!
You kill the frilled lizard!
No target in view!
No target in view!
You now have 51 gold pieces (gained 8).
g - 2 scrolls labelled NUARCH PEUT A bat comes into view.
A bat is nearby!
The bat hits you but does no damage. x2
You hit the bat.
You kill the bat!
No target in view!
No target in view!
No target in view!
No target in view!
No target in view!
No target in view!
No target in view!
You see here a bat corpse.
h - a scroll labelled RITHRU OHA LUMUOCS A giant cockroach comes into view.
A giant cockroach is nearby!
Found a spear.
An endoplasm comes into view.
The endoplasm quivers.
You hit the giant cockroach but do no damage.
The giant cockroach bites you.
You hit the giant cockroach but do no damage.
The giant cockroach bites you but does no damage.
The giant cockroach bites you.
You hit the giant cockroach.
The giant cockroach is moderately wounded.
The giant cockroach misses you.
You hit the giant cockroach but do no damage.
The giant cockroach is moderately wounded.
The giant cockroach bites you but does no damage.
You closely miss the giant cockroach.
The giant cockroach is moderately wounded.
The giant cockroach closely misses you. x2
You closely miss the giant cockroach.
The giant cockroach is moderately wounded.
The giant cockroach bites you but does no damage.
You hit the giant cockroach but do no damage.
The giant cockroach is moderately wounded.
The giant cockroach misses you.
You hit the giant cockroach.
The giant cockroach is almost dead.
The giant cockroach barely misses you. x2
You barely miss the giant cockroach.
The giant cockroach is almost dead.
The giant cockroach bites you but does no damage.
There are monsters nearby!
There are monsters nearby!
You closely miss the giant cockroach.
The giant cockroach is almost dead.
The giant cockroach barely misses you.
You barely miss the giant cockroach.
The giant cockroach is almost dead.
The giant cockroach closely misses you. The giant cockroach barely misses you.
You barely miss the giant cockroach.
The giant cockroach is almost dead.
The giant cockroach closely misses you.
You completely miss the giant cockroach.
The giant cockroach is almost dead.
The giant cockroach barely misses you.
You hit the giant cockroach.
You kill the giant cockroach!
The endoplasm freezes you.
You are frozen.
You slash the endoplasm!
You kill the endoplasm!
No target in view!
No target in view!
No target in view!
No target in view!
No target in view!
No target in view!
No target in view!
No target in view!
No target in view!
No target in view!
You see here a +0 ring mail.
You now have 59 gold pieces (gained 8).
A frilled lizard comes into view.
The frilled lizard hisses angrily.
A frilled lizard is nearby!
A frilled lizard is nearby!
The frilled lizard barely misses you.
You miss the frilled lizard. The frilled lizard bites you.
You emit a cloud of foul miasma!
You slash the frilled lizard!
You kill the frilled lizard!
No target in view!
No target in view!
No target in view!
No target in view!
No target in view!
No target in view!
h - 2 scrolls labelled RITHRU OHA LUMUOCS (gained 1) 2 giant cockroaches come into view.
There are monsters nearby!
There are monsters nearby!
You barely miss the giant cockroach. The giant cockroach barely misses you.
You hit the giant cockroach but do no damage.
The giant cockroach bites you but does no damage.
The giant cockroach barely misses you.
You hit the giant cockroach.
The giant cockroach is heavily wounded.
The giant cockroach bites you but does no damage.
The giant cockroach barely misses you. The giant cockroach misses you.
The giant cockroach barely misses you.
You hit the giant cockroach but do no damage.
The giant cockroach is heavily wounded.
The giant cockroach misses you. The giant cockroach barely misses you.
You hit the giant cockroach.
The giant cockroach is severely wounded.
The giant cockroach closely misses you. The giant cockroach bites you.
You hit the giant cockroach.
You kill the giant cockroach!
The giant cockroach bites you but does no damage.
The giant cockroach barely misses you.
You closely miss the giant cockroach.
The giant cockroach bites you but does no damage.
You slash the giant cockroach!
You kill the giant cockroach!
No target in view!
No target in view!
No target in view!
No target in view!
No target in view!
No target in view!
No target in view!
i - a scroll labelled PEONTY NU HEE
j - a scroll labelled NIURPH MOLETSU You pick up a book of Air and begin reading...
You add the spells Shock, Swiftness and Airstrike to your library.
No target in view!
No target in view!
No target in view!
No target in view!
No target in view!
No target in view!
No target in view!
No target in view!
No target in view!
No target in view!
No target in view!
A gnoll comes into view. It is wielding a +0 flail.
A gnoll is nearby!
A gnoll is nearby!
A jackal comes into view.
Found 3 gold pieces.
Found a stone staircase leading down.
The gnoll shouts!
The jackal barks!
You hear a bark! x2; You hear a shout!
A jackal comes into view. x2
You completely miss the gnoll.
A jackal comes into view.
The gnoll hits you with a +0 flail.
The jackal barks!
You slash the gnoll!
The gnoll is heavily wounded.
The gnoll closely misses you.
You slash the gnoll!
You kill the gnoll!
A goblin comes into view. It is wielding a +0 club.
You have reached level 3!
Your experience leads to an increase in your attributes!
Increase (S)trength, (I)ntelligence, or (D)exterity?
You feel agile. x2; Your demonic ancestry asserts itself...
Your hands begin to faintly glow with unholy energy.
Are you sure you want to abandon this character and quit the game? (Confirm with "yes".)

.....>..#....[.## $#
#.#.##...##..#.### g..
............#..# #.#
#.#.##........##
..h.>....#.........####
#.#.#.#.##..#..##.÷....
...h....#.##.#####...#
.#.#.#h#.#..##.# ##...
.......@....##.# #..#
.#.#.#.#.#..##.# ##..
...!.......##.# ##.
#######.#####.# ###..
#.# #...# #...# #.#
#.### ##.#..
#######.###.## #....#
#............# #.#.##
#..♣♣♣♣♣♣♣♣♣.# ##.#.#


You could see 3 jackals and a goblin.

Vanquished Creatures
  A gnoll (D:1)
  A dart slug (D:1)
  2 ball pythons (D:1)
  4 bats (D:1)
  2 endoplasms (D:1)
  4 giant cockroaches (D:1)
  2 hobgoblins (D:1)
  2 kobolds (D:1)
  2 frilled lizards (D:1)
  A rat (D:1)
21 creatures vanquished.

Notes
Turn   | Place    | Note
-------+----------+-------------------------------------------
     0 | D:1      | sleeves the Demonspawn Monk began the quest for the Orb.
     0 | D:1      | Reached XP level 1. HP: 18/18 MP: 1/1
    37 | D:1      | Reached skill level 3 in Long Blades
    86 | D:1      | Gained mutation: You may rarely emit foul miasma when
                  | damaged in melee. [demonic ancestry]
    86 | D:1      | Reached XP level 2. HP: 23/24 MP: 2/2
   439 | D:1      | Gained mutation: Your touch may inflict minor irresistible
                  | damage on your foes. [demonic ancestry]
   439 | D:1      | Reached XP level 3. HP: 25/29 MP: 3/3
   439 | D:1      | Quit the game

Illustrated notes

Levels and vault maps discovered:
D:1:      scummos_arrival_checkerplants, layout_rooms, st_stairs_10,
          serial_bayou_pond_b, minmay_close_crescents

Skill      XL: |  1 |
---------------+----+-----
Long Blades    | 3 |  3.9
Fighting       | |  3.0
Dodging        | |  2.6
Stealth        | |  1.7

Action                   || total
-------------------------++-------
Melee: Falchion          ||    59
 Stab: Sleeping          ||     1
Armor: Robe              ||     1
       Ring mail         ||    15
Dodge: Dodged            ||    43

Table legend: (Time is in decaauts)
 A = Elapsed time spent in this place.
 B = Non-inter-level travel time spent in this place.
 C = Inter-level travel time spent in this place.
 D = Time resting spent in this place.
 E = Time spent auto-exploring this place.
 F = Levels seen in this place.
 G = Mean time per level.
                   A        B        C        D        E       F      G
               +--------+--------+--------+--------+--------+-----+--------+
         Total |    447 |    447 |      0 |      0 |    300 |   1 |  447.0 |
       Dungeon |    447 |    447 |      0 |      0 |    300 |   1 |  447.0 |
               +--------+--------+--------+--------+--------+-----+--------+

Top non-repeatable levels by time:
     D:1: 447 daAuts
